[Event "Titled Tuesday Blitz August 15 Late 2023"]
[White "Berezin, Viktor"]
[Black "Fernandez Bustamante, Leancy B."]
[WhiteFideId "14107872"]
[BlackFideId "3523870"]
[WhiteElo "2515"]
[BlackElo "2238"]
[Result "1-0"]
[Round "3"]
[TimeControl "180+1"]
[Date "2023.08.15"]
[WhiteClock "0:02:11"]
[BlackClock "0:01:57"]
[Board "121"]

1. g3 c5 2. Bg2 d6 3. d3 Nc6 4. e4 e5 5. Nf3 Nf6 6. c3 Be7 7. O-O O-O 8. a3 Bg4 9. b4 cxb4 10. axb4 a6 11. h3 Bxf3 12. Bxf3 d5 13. exd5 Nxd5 14. Qb3 Nf6 15. Rd1 Qd7 16. Kg2 Rfd8 17. Na3 h6 18. Nc4 Qc7 19. Be3 Nd5 20. Bxd5 Rxd5 21. Nb6 Qxb6 22. Bxb6 1-0


[Site "https://www.chess.com"]

[Event "Titled Tuesday Blitz August 15 Late 2023"]
[White "Kovacevic, Radmila"]
[Black "Soderstrom, Adrian"]
[WhiteFideId "933171"]
[BlackFideId "1745786"]
[WhiteElo "2230"]
[BlackElo "2512"]
[Result "0-1"]
[Round "3"]
[TimeControl "180+1"]
[Date "2023.08.15"]
[WhiteClock "0:00:07"]
[BlackClock "0:00:49"]
[Board "122"]

1. e4 g6 2. d4 Nf6 3. Bd3 c5 4. dxc5 Qa5+ 5. c3 Qxc5 6. Be3 Qc7 7. Na3 a6 8. Nc4 b5 9. Nb6 Bb7 10. Nxa8 Bxa8 11. f3 d5 12. a4 dxe4 13. fxe4 b4 14. cxb4 Bg7 15. b5 O-O 16. b6 Qe5 17. Nf3 Qh5 18. Qb3 Nc6 19. b7 Na5 20. bxa8=Q Nxb3 21. Qxa6 Nxa1 22. Qc4 Ng4 23. Bc1 Qa5+ 24. Bd2 Qa7 25. Rf1 Qb8 26. h3 Qg3+ 27. Kd1 Ne5 28. Be1 Qxg2 29. Nxe5 Bxe5 30. Be2 Qxh3 31. Rf3 Qd7+ 32. Rd3 Qb7 33. b4 Rc8 34. Qa2 Qxe4 35. Rf3 Rd8+ 36. Bd2 e6 37. b5 Qb4 38. Rd3 Rxd3 39. Bxd3 Qg4+ 40. Kc1 Qg1+ 41. Be1 Qxe1# 0-1


[Site "https://www.chess.com"]

[Event "Titled Tuesday Blitz August 15 Late 2023"]
[White "Koc, Przemyslaw"]
[Black "olackza"]
[WhiteFideId "1109081"]
[WhiteElo "2511"]
[BlackElo "2210"]
[Result "1-0"]
[Round "3"]
[TimeControl "180+1"]
[Date "2023.08.15"]
[WhiteClock "0:00:37"]
[BlackClock "0:00:00"]
[Board "123"]

1. Nf3 d5 2. g3 Nf6 3. Bg2 e6 4. O-O Be7 5. d4 O-O 6. c4 c6 7. b3 b6 8. Bb2 Ba6 9. Qc2 Nbd7 10. Nbd2 Rc8 11. e4 dxe4 12. Nxe4 c5 13. Rad1 Qc7 14. Rfe1 Rfd8 15. d5 Nxe4 16. Qxe4 Nf8 17. Qg4 Ng6 18. dxe6 fxe6 19. Qxe6+ Kh8 20. h4 Rxd1 21. Rxd1 Rd8 22. Rxd8+ Qxd8 23. h5 Nf8 24. Qf7 Bf6 25. Bxf6 Qxf6 26. Qxa7 Bc8 27. Qc7 Bg4 28. Qe5 Qxe5 29. Nxe5 Bxh5 30. Bc6 Bg6 31. Nxg6+ Nxg6 32. f4 Ne7 33. Be4 g6 34. Kf2 Kg7 35. Ke3 Kf6 36. a3 Nc8 37. b4 Nd6 38. Bd3 h5 39. bxc5 bxc5 40. a4 Nb7 41. Ke4 Ke6 42. Ke3 Kf6 43. Be4 Na5 44. Bd5 Nb3 45. Ke4 1-0


[Site "https://www.chess.com"]

[Event "Titled Tuesday Blitz August 15 Late 2023"]
[White "Marra, Eduardo da Costa"]
[Black "BeautiFullMindChess"]
[WhiteFideId "2106990"]
[WhiteElo "2511"]
[BlackElo "2204"]
[Result "0-1"]
[Round "3"]
[TimeControl "180+1"]
[Date "2023.08.15"]
[WhiteClock "0:00:47"]
[BlackClock "0:00:13"]
[Board "124"]

1. d4 f5 2. Nc3 Nf6 3. g3 g6 4. Bg2 Bg7 5. Nf3 O-O 6. O-O d6 7. d5 e5 8. dxe6 Bxe6 9. Nd4 Bc8 10. b3 c6 11. Bb2 Na6 12. e3 Nc5 13. Nce2 Qe7 14. c4 a5 15. Qc2 Nfe4 16. Rad1 Bd7 17. Nc3 h5 18. Nxe4 fxe4 19. Ne2 Bxb2 20. Qxb2 Nd3 21. Qd4 Bf5 22. Nf4 Nxf4 23. exf4 Rad8 24. Rfe1 d5 25. cxd5 cxd5 26. Qb6 Qb4 27. Qd4 Rfe8 28. h3 Qxd4 29. Rxd4 Kf7 30. Rc1 Rd7 31. Kf1 Re6 32. Ke2 Rc6 33. Kd2 Rxc1 34. Kxc1 Rc7+ 35. Kd1 Ke6 36. Rd2 b5 37. Ke2 Rc3 38. Kd1 b4 39. Rd4 Kd6 40. Rd2 Kc5 41. Bf1 d4 42. h4 d3 43. Ke1 Kd4 44. Rd1 Rc2 45. Rd2 Rc1+ 46. Rd1 Rc2 47. Rd2 Kc3 48. Rd1 Bg4 49. Rb1 d2# 0-1


[Site "https://www.chess.com"]

[Event "Titled Tuesday Blitz August 15 Late 2023"]
[White "Sava, Christiansen-Danut-Eugen"]
[Black "Mickiewicz, Piotr"]
[WhiteFideId "1210114"]
[BlackFideId "1114891"]
[WhiteElo "2188"]
[BlackElo "2509"]
[Result "0-1"]
[Round "3"]
[TimeControl "180+1"]
[Date "2023.08.15"]
[WhiteClock "0:00:01"]
[BlackClock "0:00:55"]
[Board "125"]

1. d4 d6 2. c4 g6 3. g3 Bg7 4. Bg2 Nf6 5. Nf3 O-O 6. O-O Nbd7 7. Nbd2 c5 8. d5 b5 9. Rb1 Rb8 10. Re1 bxc4 11. Nxc4 Ba6 12. Ne3 Qa5 13. Bd2 Qc7 14. Bc3 Ne4 15. Bxg7 Kxg7 16. Qc2 Nef6 17. Nd2 Rb4 18. b3 Rfb8 19. Ndc4 Nb6 20. Red1 Nxc4 21. Nxc4 Bxc4 22. bxc4 Qa5 23. Rxb4 Qxb4 24. Rc1 Qa3 25. Bf3 Rb2 26. Qc3 Qxc3 27. Rxc3 Rxa2 28. Rb3 Nd7 29. Rb7 Ne5 30. Rxe7 Kf6 31. Re8 Nxc4 32. Rd8 Ke7 33. Rh8 h5 34. Rb8 Ne5 35. Rb7+ Kf6 36. Be4 a5 37. e3 a4 38. Rb6 Nc4 39. Bd3 Nxb6 0-1


[Site "https://www.chess.com"]

[Event "Titled Tuesday Blitz August 15 Late 2023"]
[White "Arutla, Aditya"]
[Black "Quispe Santacruz, Javier"]
[WhiteFideId "30961998"]
[BlackFideId "3800920"]
[WhiteElo "2508"]
[BlackElo "2176"]
[Result "1-0"]
[Round "3"]
[TimeControl "180+1"]
[Date "2023.08.15"]
[WhiteClock "0:00:23"]
[BlackClock "0:00:12"]
[Board "126"]

1. d4 d5 2. Bf4 Nf6 3. e3 c5 4. Nf3 Nc6 5. Nbd2 cxd4 6. exd4 Qb6 7. Nb3 Bf5 8. Be2 e6 9. O-O h6 10. a4 Be7 11. a5 Qd8 12. a6 bxa6 13. Rxa6 Nb4 14. Bb5+ Kf8 15. Nc5 Nxa6 16. Nxa6 Qb6 17. Qe2 Bg4 18. c3 Bxf3 19. gxf3 Bd6 20. Bxd6+ Qxd6 21. Nc5 Rb8 22. Ra1 Qb6 23. Bd3 Qxb2 24. Qxb2 Rxb2 25. Rxa7 g6 26. Rc7 h5 27. h4 Rg8 28. Kg2 g5 29. Rc8+ Ke7 30. Rxg8 Nxg8 31. hxg5 Ra2 32. Kg3 Ra3 33. Kh4 Rxc3 34. Kxh5 Kd6 35. g6 fxg6+ 36. Kxg6 Ne7+ 37. Kf6 Nc6 38. Bg6 Nxd4 39. Nb7+ Kc7 40. Na5 Rxf3+ 41. Ke5 Nc6+ 42. Nxc6 Kxc6 43. Kxe6 d4 44. Be4+ Kc5 45. Bxf3 Kc4 46. Ke5 Kc3 47. Ke4 d3 48. Bh5 d2 49. Ke3 Kc2 50. Be2 Kc1 51. f4 d1=Q 52. Bxd1 Kxd1 53. f5 Kc2 54. f6 1-0


[Site "https://www.chess.com"]

[Event "Titled Tuesday Blitz August 15 Late 2023"]
[White "Hristodoulou, Panagiotis"]
[Black "Ottosen, David"]
[WhiteFideId "4214340"]
[BlackFideId "2603080"]
[WhiteElo "2505"]
[BlackElo "2128"]
[Result "1-0"]
[Round "3"]
[TimeControl "180+1"]
[Date "2023.08.15"]
[WhiteClock "0:02:32"]
[BlackClock "0:02:25"]
[Board "127"]

1. d4 d5 2. Bf4 c6 3. e3 Qb6 4. Qc1 Bd7 5. c4 e6 6. Nc3 Nf6 7. Nf3 Be7 8. Bd3 O-O 9. O-O a6 10. h3 Qd8 11. Qc2 Re8 12. Rad1 h6 13. Rfe1 Bc8 14. e4 dxe4 15. Nxe4 Nxe4 16. Bxe4 Nd7 17. d5 exd5 18. cxd5 cxd5 19. Bc7 dxe4 20. Bxd8 exf3 21. Bxe7 1-0


[Site "https://www.chess.com"]

[Event "Titled Tuesday Blitz August 15 Late 2023"]
[White "Phillips, Rene"]
[Black "Castella Garcia, Fausto"]
[WhiteFideId "2056275"]
[BlackFideId "3501922"]
[WhiteElo "2092"]
[BlackElo "2505"]
[Result "1/2-1/2"]
[Round "3"]
[TimeControl "180+1"]
[Date "2023.08.15"]
[WhiteClock "0:00:12"]
[BlackClock "0:00:16"]
[Board "128"]

1. d4 Nf6 2. Bf4 g6 3. e3 Bg7 4. Nf3 O-O 5. h3 d6 6. Nbd2 Nfd7 7. Bc4 e5 8. dxe5 Nxe5 9. Nxe5 dxe5 10. Bg3 Qe7 11. Qe2 b6 12. O-O Bb7 13. Rfd1 Nd7 14. Ba6 Bxa6 15. Qxa6 Nc5 16. Qc4 Rad8 17. a4 a5 18. Ne4 Nxe4 19. Qxe4 Qe6 20. Qb7 Qc4 21. Rxd8 Rxd8 22. c3 f5 23. Qf3 Qb3 24. Qe2 h5 25. Bh4 Rd7 26. g4 hxg4 27. hxg4 Qd5 28. gxf5 gxf5 29. Qh5 Qf7 30. Qxf7+ Kxf7 31. Kf1 Rd2 32. Rb1 Ke6 33. Ke1 Rd7 34. Rd1 Rxd1+ 35. Kxd1 Kd5 36. Kc2 e4 37. Bg3 c6 38. b3 Be5 39. Bh4 Bc7 40. Bf6 b5 41. Bh4 bxa4 42. bxa4 Kc4 43. Bf6 Bd6 44. Bd8 Bc5 45. Bxa5 f4 46. Bc7 fxe3 47. fxe3 Bxe3 48. a5 Kb5 49. Kd1 Ba7 50. Ke2 Bg1 51. Bb6 Bxb6 52. axb6 Kxb6 53. Ke3 Kc5 54. Kxe4 Kc4 55. Ke5 c5 56. Kd6 Kxc3 57. Kxc5 1/2-1/2


[Site "https://www.chess.com"]

[Event "Titled Tuesday Blitz August 15 Late 2023"]
[White "Polaczek, Richard"]
[Black "Navyblue1"]
[WhiteFideId "200026"]
[WhiteElo "2369"]
[BlackElo "2009"]
[Result "1-0"]
[Round "3"]
[TimeControl "180+1"]
[Date "2023.08.15"]
[WhiteClock "0:00:33"]
[BlackClock "0:00:00"]
[Board "129"]

1. d4 Nf6 2. c4 g6 3. Nc3 Bg7 4. e4 d6 5. f4 O-O 6. Nf3 c5 7. d5 e6 8. dxe6 Bxe6 9. Bd3 Nc6 10. f5 Bd7 11. O-O Re8 12. Bg5 Qa5 13. Qd2 Nd4 14. Nxd4 cxd4 15. Nd5 Qxd2 16. Bxd2 gxf5 17. Nxf6+ Bxf6 18. exf5 Bc6 19. Rae1 Kg7 20. h3 Be5 21. Be4 f6 22. Bd5 Bxd5 23. cxd5 Rac8 24. Rc1 Kf7 25. Kf2 Ke7 26. Kf3 Kd7 27. g4 Rxc1 28. Rxc1 Rg8 29. h4 Rg7 30. Bh6 Rf7 31. Ke4 Re7 32. Kd3 Rf7 33. Rf1 Ke8 34. g5 fxg5 35. hxg5 Kd7 36. f6 Ke8 37. Ke4 Kd7 38. Rc1 Kd8 39. Kf5 Kd7 40. Rc2 d3 41. Rd2 Bd4 42. Rxd3 Bxb2 43. Rb3 Be5 44. Rxb7+ Ke8 45. Rb8+ Kd7 46. Rh8 Bd4 47. Bg7 1-0


[Site "https://www.chess.com"]

[Event "Titled Tuesday Blitz August 15 Late 2023"]
[White "Curtis, John"]
[Black "Sarana, Alexey"]
[WhiteFideId "3200256"]
[BlackFideId "24133795"]
[WhiteElo "2056"]
[BlackElo "3060"]
[Result "0-1"]
[Round "3"]
[TimeControl "180+1"]
[Date "2023.08.15"]
[WhiteClock "0:01:05"]
[BlackClock "0:02:21"]
[Board "130"]

1. d4 d5 2. c4 c6 3. cxd5 cxd5 4. Nc3 Nc6 5. Nf3 Nf6 6. Bg5 Ne4 7. Bd2 Nxd2 8. Qxd2 Bg4 9. e3 e6 10. Bb5 Bd6 11. Ne5 Bxe5 12. dxe5 O-O 13. Bxc6 bxc6 14. Qd4 Qg5 15. f3 Bf5 16. Kf2 h5 17. h4 Qe7 18. b4 a5 19. a3 Rfb8 20. Rab1 axb4 21. Rxb4 c5 22. Rxb8+ Rxb8 23. Qd2 Rb3 24. Ra1 Qxh4+ 25. Kg1 Qc4 26. Ne2 Rd3 27. Qc1 Qxc1+ 28. Nxc1 Rd1+ 29. Kh2 d4 30. e4 d3 31. exf5 d2 32. fxe6 fxe6 33. Nb3 Rxa1 34. Nxd2 Rxa3 35. Ne4 c4 36. Kg3 c3 37. Kf2 c2 38. Nf6+ gxf6 0-1


[Site "https://www.chess.com"]

[Event "Titled Tuesday Blitz August 15 Late 2023"]
[White "Papp, Levente"]
[Black "Fernandez Siles, Luis"]
[WhiteFideId "751243"]
[BlackFideId "2209420"]
[WhiteElo "2667"]
[BlackElo "2374"]
[Result "1-0"]
[Round "3"]
[TimeControl "180+1"]
[Date "2023.08.15"]
[WhiteClock "0:00:10"]
[BlackClock "0:00:08"]
[Board "131"]

1. e4 c5 2. Nf3 Nc6 3. Nc3 g6 4. d4 cxd4 5. Nxd4 Bg7 6. Be3 Nf6 7. Bc4 O-O 8. Bb3 d6 9. f3 Bd7 10. Qd2 Qa5 11. O-O-O Rfc8 12. Kb1 Ne5 13. g4 Nc4 14. Bxc4 Rxc4 15. h4 Rac8 16. Nb3 Qe5 17. Bd4 Qg3 18. Qe3 e5 19. Bxa7 Rxc3 20. bxc3 Bxg4 21. fxg4 Qxg4 22. Rhe1 d5 23. exd5 Qc4 24. d6 Nd5 25. Rxd5 Qxd5 26. Qd3 Qc6 27. Rd1 Rd8 28. Qd5 Qxc3 29. Bb6 Rd7 30. Qb5 e4 31. Bd4 Bxd4 32. Rxd4 Rd8 33. d7 Qe1+ 34. Kb2 Qxh4 35. Qe5 h5 36. Nc5 Kh7 37. Nxb7 Qh2 38. Qxh2 1-0


[Site "https://www.chess.com"]

[Event "Titled Tuesday Blitz August 15 Late 2023"]
[White "Pinheiro, Iung Alicio de O."]
[Black "Bryant, Todd"]
[WhiteFideId "2104350"]
[BlackFideId "2031299"]
[WhiteElo "2612"]
[BlackElo "2359"]
[Result "0-1"]
[Round "3"]
[TimeControl "180+1"]
[Date "2023.08.15"]
[WhiteClock "0:00:00"]
[BlackClock "0:00:57"]
[Board "132"]

1. e4 c5 2. Nc3 d6 3. f4 g6 4. Nf3 Bg7 5. Bc4 Nc6 6. d3 e6 7. O-O Nge7 8. Qe1 O-O 9. Qh4 d5 10. Bb3 Nd4 11. f5 Nxf3+ 12. Rxf3 gxf5 13. Bg5 f6 14. Bh6 Ng6 15. Qh5 Bxh6 16. Qxh6 fxe4 17. dxe4 c4 18. Rh3 Rf7 19. Ba4 a6 20. Rd1 b5 21. exd5 bxa4 22. Kh1 exd5 23. Rxd5 Qe7 24. Re3 Qf8 25. Qh5 Bb7 26. Rf5 Re8 0-1


[Site "https://www.chess.com"]

[Event "Titled Tuesday Blitz August 15 Late 2023"]
[White "Bogaudinov, Rushan"]
[Black "Olenik Campa, Rudi"]
[WhiteFideId "4129288"]
[BlackFideId "14633264"]
[WhiteElo "2351"]
[BlackElo "2511"]
[Result "0-1"]
[Round "3"]
[TimeControl "180+1"]
[Date "2023.08.15"]
[WhiteClock "0:00:00"]
[BlackClock "0:00:05"]
[Board "133"]

1. d4 Nf6 2. g3 g6 3. Bg2 d5 4. c4 c6 5. cxd5 cxd5 6. Nf3 Bg7 7. O-O O-O 8. Nc3 Nc6 9. a3 Bf5 10. b4 Rc8 11. Bb2 Ne4 12. Rc1 Nxc3 13. Bxc3 Be4 14. e3 a6 15. Qb3 b5 16. Bb2 Qd7 17. Rc5 e6 18. Rfc1 Rfe8 19. h4 Bf8 20. Ng5 Bxg2 21. Kxg2 Bxc5 22. dxc5 e5 23. Rd1 Rcd8 24. e4 d4 25. Rd3 h6 26. Nf3 Qe6 27. Qd1 Kg7 28. Ne1 f5 29. f3 a5 30. Bc1 axb4 31. axb4 Nxb4 32. Qd2 Qa2 33. Qxa2 Nxa2 34. Bd2 b4 35. Rb3 Rc8 36. Nd3 fxe4 37. fxe4 Nc3 38. Rxb4 Nxe4 39. Rb7+ Kg8 40. Bxh6 Nxc5 41. Rg7+ Kh8 42. Nb4 e4 43. Nd5 Re6 44. Rf7 e3 45. Nf6 Rxf6 46. Rxf6 Kh7 47. Bg5 Re8 48. Kf3 e2 49. Bd2 e1=Q 50. Bxe1 Rxe1 51. Rf7+ Kg8 52. Rc7 d3 53. Rxc5 d2 54. Rc8+ Kf7 55. Rc7+ Ke8 0-1


[Site "https://www.chess.com"]

[Event "Titled Tuesday Blitz August 15 Late 2023"]
[White "Cheer_Down"]
[Black "Ankerst, Mihael"]
[BlackFideId "14602369"]
[WhiteElo "2326"]
[BlackElo "2457"]
[Result "0-1"]
[Round "3"]
[TimeControl "180+1"]
[Date "2023.08.15"]
[WhiteClock "0:00:02"]
[BlackClock "0:00:49"]
[Board "134"]

1. e4 c5 2. Nf3 Qb6 3. Nc3 Nc6 4. g3 e6 5. Bg2 a6 6. O-O d6 7. b3 Be7 8. Bb2 Nf6 9. Na4 Qc7 10. d4 cxd4 11. Nxd4 Bd7 12. Nc3 b5 13. Re1 Rc8 14. Rc1 O-O 15. Nce2 Rfd8 16. c4 Qb6 17. Nxc6 Bxc6 18. Nd4 Bb7 19. cxb5 axb5 20. Qd3 b4 21. h3 Rc5 22. Qe3 Rdc8 23. Rxc5 Rxc5 24. e5 Nd5 25. Qd2 dxe5 26. Rxe5 Bf6 27. Re1 Nc3 28. Bxb7 Qxb7 29. a4 Rd5 30. Bxc3 bxc3 31. Qxc3 Bxd4 32. Qc4 h5 33. h4 Qb6 34. Re2 Rf5 35. Qc8+ Kh7 36. Qc2 g6 37. Kg2 Qb7+ 38. Kg1 Rf3 39. Qe4 Rxg3+ 40. Kf1 Qxe4 41. Rxe4 Rg4 42. Rxg4 hxg4 43. Ke2 Kg7 44. b4 Kf6 45. a5 Ke5 46. b5 Kd6 47. f3 0-1


[Site "https://www.chess.com"]

[Event "Titled Tuesday Blitz August 15 Late 2023"]
[White "Martinez, Shawn"]
[Black "Santos, Marcus Vinicius Moreira"]
[WhiteFideId "2039770"]
[BlackFideId "2103125"]
[WhiteElo "2323"]
[BlackElo "2444"]
[Result "0-1"]
[Round "3"]
[TimeControl "180+1"]
[Date "2023.08.15"]
[WhiteClock "0:00:00"]
[BlackClock "0:00:09"]
[Board "135"]

1. e4 c5 2. Nc3 e6 3. g3 a6 4. Bg2 b5 5. Nh3 Bb7 6. d3 Nf6 7. O-O Be7 8. f4 d6 9. Nf2 Qc7 10. f5 e5 11. g4 h6 12. h3 b4 13. Nd5 Nxd5 14. exd5 Nd7 15. Be3 Nf6 16. c4 bxc3 17. Qa4+ Qd7 18. Qc4 cxb2 19. Rab1 O-O 20. Rxb2 a5 21. Rfb1 Ba6 22. Qc2 Nh7 23. Ne4 Qc7 24. Qd2 Rfb8 25. Bf1 Rxb2 26. Rxb2 Bb7 27. Nc3 Nf6 28. Bg2 Rb8 29. a4 Ba8 30. Nb5 Qb6 31. Qe1 Bxd5 32. Bxd5 Nxd5 33. Bd2 Bg5 34. Bxa5 Qc6 35. Bd2 Bxd2 36. Qxd2 Nf4 37. Kh2 Ra8 38. Nc3 Qf3 39. Ne4 Qxh3+ 40. Kg1 Qxg4+ 41. Kf1 Qf3+ 42. Kg1 Nxd3 43. Qg2 Qxg2+ 44. Rxg2 Rxa4 0-1


[Site "https://www.chess.com"]

[Event "Titled Tuesday Blitz August 15 Late 2023"]
[White "MrAnnihilation"]
[Black "Saucey, Michel"]
[BlackFideId "601845"]
[WhiteElo "2427"]
[BlackElo "2267"]
[Result "1-0"]
[Round "3"]
[TimeControl "180+1"]
[Date "2023.08.15"]
[WhiteClock "0:00:10"]
[BlackClock "0:00:06"]
[Board "136"]

1. e4 c5 2. Nf3 e6 3. d3 Nc6 4. g3 Nf6 5. Bg2 d5 6. Qe2 Be7 7. O-O O-O 8. e5 Nd7 9. c4 Nb6 10. b3 a5 11. a4 Nb4 12. Rd1 d4 13. h4 Bd7 14. Nbd2 Bc6 15. Ne4 Bxe4 16. Qxe4 h6 17. Qxb7 Rb8 18. Qe4 Nd7 19. g4 Bxh4 20. Kf1 Be7 21. Ke2 Qc7 22. Rh1 f5 23. exf6 Rxf6 24. g5 Rf7 25. gxh6 Nf6 26. Qxe6 Rb6 27. Qh3 g6 28. Ng5 Bf8 29. h7+ Kh8 30. Nxf7+ Qxf7 31. Be4 Nh5 32. Bd2 Re6 33. f3 Bg7 34. Rag1 Rf6 35. Qg4 Nc2 36. Bxg6 Rxg6 37. Qxg6 Qe7+ 38. Qe4 1-0


[Site "https://www.chess.com"]

[Event "Titled Tuesday Blitz August 15 Late 2023"]
[White "Schut, Han"]
[Black "The_Straightforward_Rook"]
[WhiteFideId "1005561"]
[WhiteElo "2244"]
[BlackElo "2427"]
[Result "0-1"]
[Round "3"]
[TimeControl "180+1"]
[Date "2023.08.15"]
[WhiteClock "0:00:00"]
[BlackClock "0:00:26"]
[Board "137"]

1. e4 e5 2. Nf3 Nc6 3. Bc4 Bc5 4. c3 Nf6 5. d4 exd4 6. b4 Bb6 7. e5 Ne4 8. Bd5 Nxc3 9. Nxc3 dxc3 10. Bg5 Ne7 11. O-O O-O 12. Bb3 Qe8 13. Re1 a5 14. Qd3 axb4 15. h4 Ng6 16. h5 Nh8 17. Bc2 g6 18. Bf6 Qe6 19. Ng5 Qg4 20. h6 d6 21. Bb3 Qf5 22. Qxf5 Bxf5 23. exd6 cxd6 24. Re7 c2 25. Bxh8 Kxh8 26. Nxf7+ Rxf7 27. Rxf7 Bd4 28. Rc1 Rc8 29. Rxc2 Bxc2 30. Bxc2 b6 31. Bb3 Be5 32. g3 Bd4 33. Kg2 Bc5 34. f4 Rd8 35. Kf3 d5 36. Ke2 Kg8 37. Rg7+ Kh8 38. Rf7 Re8+ 39. Kd2 Rd8 0-1


[Site "https://www.chess.com"]

[Event "Titled Tuesday Blitz August 15 Late 2023"]
[White "Kielinkei"]
[Black "Sarkar, Justin"]
[BlackFideId "2010011"]
[WhiteElo "2408"]
[BlackElo "2235"]
[Result "1-0"]
[Round "3"]
[TimeControl "180+1"]
[Date "2023.08.15"]
[WhiteClock "0:00:14"]
[BlackClock "0:00:00"]
[Board "138"]

1. c4 e5 2. Nc3 Nf6 3. g3 Bb4 4. Bg2 O-O 5. e3 Bxc3 6. bxc3 e4 7. f3 exf3 8. Nxf3 d6 9. O-O Nc6 10. d3 Bg4 11. h3 Bd7 12. e4 h6 13. Nh4 Kh7 14. Be3 Ne5 15. Nf5 Ng8 16. Qd2 h5 17. Bg5 Qc8 18. Kh2 g6 19. Ne7 Nxe7 20. Bxe7 Re8 21. Bf6 Be6 22. Rf2 Nd7 23. Bd4 Ne5 24. Raf1 Qd8 25. Rf6 Qe7 26. R6f2 c5 27. Be3 Rf8 28. Bg5 Qe8 29. Bf6 Nd7 30. Bg5 Ne5 31. Qe2 b6 32. Qe3 Rc8 33. Bh6 Rg8 34. Bg5 Qd7 35. Bf6 Qe8 36. Rd1 Nd7 37. Bg5 Ne5 38. Bf4 Nd7 39. Re1 Ne5 40. Bg5 Qc6 41. Bf6 Qe8 42. Rd1 Nd7 43. Bg5 Ne5 44. Bh1 Rc7 45. Bf4 1-0


[Site "https://www.chess.com"]

[Event "Titled Tuesday Blitz August 15 Late 2023"]
[White "Silva Lucena, Cristian"]
[Black "cthake"]
[WhiteFideId "2232588"]
[WhiteElo "2379"]
[BlackElo "1827"]
[Result "1-0"]
[Round "3"]
[TimeControl "180+1"]
[Date "2023.08.15"]
[WhiteClock "0:02:14"]
[BlackClock "0:00:19"]
[Board "139"]

1. Nf3 Nf6 2. c4 c5 3. d4 cxd4 4. Nxd4 g6 5. g3 Bg7 6. Bg2 O-O 7. O-O Nc6 8. Nc2 d6 9. Nc3 Be6 10. b3 a5 11. Bb2 Nd7 12. Rb1 Nc5 13. Nb5 Bxb2 14. Rxb2 Bf5 15. Ne3 Ne4 16. g4 Bd7 17. Bxe4 Bxg4 18. Nxg4 f5 19. Bd5+ Kg7 20. Nd4 1-0


[Site "https://www.chess.com"]

[Event "Titled Tuesday Blitz August 15 Late 2023"]
[White "Tqebuchava, Zurab"]
[Black "Grigorov, Grigor"]
[WhiteFideId "13601113"]
[BlackFideId "2907313"]
[WhiteElo "2179"]
[BlackElo "2820"]
[Result "0-1"]
[Round "3"]
[TimeControl "180+1"]
[Date "2023.08.15"]
[WhiteClock "0:00:00"]
[BlackClock "0:00:38"]
[Board "140"]

1. e4 c6 2. d4 d5 3. exd5 cxd5 4. Bd3 Nf6 5. Nf3 Bg4 6. h3 Bh5 7. O-O Nc6 8. c3 e6 9. Bf4 Bd6 10. Bxd6 Qxd6 11. Nbd2 O-O 12. Re1 Qc7 13. Qc2 Rac8 14. Rac1 Bg6 15. Bxg6 hxg6 16. Qd3 Nd7 17. Ng5 Rfe8 18. Qf3 Nf8 19. Qg4 Qd7 20. Re3 f6 21. Ngf3 Ne7 22. Rce1 Nf5 23. R3e2 g5 24. h4 Nh6 25. Qg3 g4 26. Nh2 f5 27. h5 Qc7 28. Qxc7 Rxc7 29. Re5 Kf7 30. Ndf1 Nd7 31. R5e2 Nf6 32. Ng3 f4 33. Ngf1 Nxh5 34. Re5 Nf6 35. Nd2 Nf5 36. Ndf1 g5 37. Nd2 Rc6 38. Nhf1 Rg8 39. Nb3 b6 40. Nc1 Ne4 41. Nd3 Kf6 42. Re2 Rh8 43. Nd2 Nxd2 44. Rxd2 g3 45. fxg3 Nxg3 46. Nf2 Rh4 47. Nh3 Ne4 48. Re2 Rc7 49. Nxg5 Nxg5 50. Rf2 Rch7 51. Kf1 Ne4 52. Ke2 Nxf2 0-1


[Site "https://www.chess.com"]

[Event "Titled Tuesday Blitz August 15 Late 2023"]
[White "UgarteCesar"]
[Black "Parligras, Mircea-Emilian"]
[BlackFideId "1204297"]
[WhiteElo "2324"]
[BlackElo "2761"]
[Result "0-1"]
[Round "3"]
[TimeControl "180+1"]
[Date "2023.08.15"]
[WhiteClock "0:00:32"]
[BlackClock "0:01:17"]
[Board "141"]

1. d4 Nf6 2. Bg5 Ne4 3. Bf4 d5 4. Nd2 Nxd2 5. Qxd2 Bf5 6. e3 e6 7. Bd3 Bxd3 8. Qxd3 c6 9. Nf3 Nd7 10. O-O Be7 11. c4 O-O 12. cxd5 exd5 13. Rfc1 a5 14. b3 Nf6 15. a3 Ne4 16. Nd2 f5 17. f3 Nxd2 18. Qxd2 Bd6 19. Bxd6 Qxd6 20. b4 axb4 21. Qxb4 Qh6 22. Rc3 Rf7 23. a4 Re8 24. Qb3 Rfe7 25. a5 Rxe3 26. Rxe3 Qxe3+ 27. Qxe3 Rxe3 28. Rb1 Ra3 29. Rxb7 Rxa5 30. Rc7 Ra1+ 31. Kf2 Rc1 32. Kg3 Rc2 33. h4 g6 34. h5 gxh5 35. Kf4 Rxg2 36. Rxc6 Kg7 37. Kxf5 h4 38. Rc7+ Kh6 39. Rc6+ Kh5 40. Rc7 h6 41. Ke5 h3 42. Kxd5 h2 0-1


[Site "https://www.chess.com"]

[Event "Titled Tuesday Blitz August 15 Late 2023"]
[White "GaiozNigalidze"]
[Black "Kiselev, Pavel"]
[BlackFideId "4191102"]
[WhiteElo "2714"]
[BlackElo "2316"]
[Result "1-0"]
[Round "3"]
[TimeControl "180+1"]
[Date "2023.08.15"]
[WhiteClock "0:01:48"]
[BlackClock "0:02:02"]
[Board "142"]

1. e4 Nc6 2. c4 e5 3. Nc3 Nf6 4. Nf3 d6 5. Bd3 Bd7 6. h3 Nb4 7. Be2 Be7 8. d4 exd4 9. Nxd4 Nc6 10. Nf5 O-O 11. O-O Re8 12. Ng3 Bf8 13. b3 g6 14. Bb2 Bg7 15. Rb1 Qe7 16. Re1 Nd4 17. Qxd4 Ng4 18. Qxg7+ Kxg7 19. Nd5+ Nf6 20. Nxe7 Rxe7 21. c5 dxc5 22. e5 Nd5 23. e6+ f6 24. exd7 Rxd7 25. Rbd1 Rad8 26. Bg4 Rd6 27. h4 Nb6 28. Rxd6 Rxd6 29. Re7+ Kg8 30. Ne4 Rd2 31. Be6+ 1-0


[Site "https://www.chess.com"]

[Event "Titled Tuesday Blitz August 15 Late 2023"]
[White "Ochirbat, Lkhagvajamts"]
[Black "Stachanczyk, Jacek"]
[WhiteFideId "4903153"]
[BlackFideId "1116657"]
[WhiteElo "2703"]
[BlackElo "2315"]
[Result "0-1"]
[Round "3"]
[TimeControl "180+1"]
[Date "2023.08.15"]
[WhiteClock "0:00:00"]
[BlackClock "0:00:07"]
[Board "143"]

1. d4 d5 2. c4 c6 3. Nc3 dxc4 4. a4 Nf6 5. Nf3 Bf5 6. e3 e6 7. Bxc4 Bb4 8. O-O O-O 9. Qe2 Nbd7 10. Rd1 Bg4 11. h3 Bh5 12. g4 Bg6 13. Ne5 Qe7 14. Bd2 c5 15. Nxd7 Qxd7 16. Nb5 Bxd2 17. Rxd2 Ne4 18. Rdd1 Qe7 19. f3 Nf6 20. Rd2 a6 21. Nc3 cxd4 22. Rxd4 Rfd8 23. Rad1 Rxd4 24. exd4 Rd8 25. Kg2 Qb4 26. d5 exd5 27. Bxd5 h5 28. g5 Nxd5 29. Nxd5 Rxd5 30. Rxd5 Qxa4 31. Rd8+ Kh7 32. Qe8 Qc2+ 33. Kg3 Bf5 34. Qh8+ Kg6 35. Rd6+ Be6 36. Qd8 Qf5 37. Rb6 Qxh3+ 38. Kf2 Qh2+ 39. Ke3 Qe5+ 40. Kd2 h4 41. Rxb7 h3 42. Rb4 h2 43. Rh4 Qg3 44. Qh8 Qxf3 45. Rxh2 Qf4+ 46. Kc3 Qxg5 47. Qh7+ Kf6 48. Rf2+ Ke7 49. Rd2 Qc5+ 50. Kd3 Bf5+ 0-1


[Site "https://www.chess.com"]

[Event "Titled Tuesday Blitz August 15 Late 2023"]
[White "Kujawski, Adam"]
[Black "Golubev, Mikhail"]
[WhiteFideId "1100920"]
[BlackFideId "14100983"]
[WhiteElo "2314"]
[BlackElo "2556"]
[Result "0-1"]
[Round "3"]
[TimeControl "180+1"]
[Date "2023.08.15"]
[WhiteClock "0:00:00"]
[BlackClock "0:01:31"]
[Board "144"]

1. e4 c5 2. Nf3 d6 3. d4 cxd4 4. Nxd4 Nf6 5. Nc3 g6 6. Be3 Bg7 7. f3 O-O 8. Qd2 Nc6 9. O-O-O d5 10. exd5 Nxd5 11. Nxc6 bxc6 12. Bd4 e5 13. Bc5 Be6 14. Ne4 Re8 15. h4 h6 16. h5 g5 17. g4 Qc7 18. Bc4 Red8 19. Bb3 a5 20. a4 Nf4 21. Qe3 Bxb3 22. Qxb3 Ne2+ 23. Kb1 Nd4 24. Bxd4 exd4 25. Rd3 Rab8 26. Qc4 Rb4 27. Qc5 Rdb8 28. b3 Rxa4 29. Kb2 Rab4 30. Nxg5 R8b5 0-1


[Site "https://www.chess.com"]